 Dungeon Crawl Stone Soup version 0.30-a0-121-gb27577e5d9 (webtiles) character file.

Game seed: 12435300085775264227

18139 Newt the Spear-Bearer (level 12, -1/95 HPs)
             Began as a Demonspawn Gladiator on Sept 14, 2022.
             Was an Initiate of Gozag.
             Shot with a bolt by a yaktaur (27 damage)
             ... on level 13 of the Dungeon.
             The game lasted 00:15:23 (12762 turns).

Newt the Spear-Bearer (Demonspawn Gladiator)       Turns: 12762, Time: 00:15:23

Health: -1/95      AC: 14    Str: 23    XL:     12   Next: 25%
Magic:  12/12      EV: 15    Int:  9    God:    Gozag
Gold:   2590       SH:  0    Dex: 14    Spells: 11/11 levels left

rFire   + . .      SeeInvis +    m - +5 scythe (vamp)
rCold   . . .      Faith    .    (shield currently unavailable)
rNeg    + + .      Spirit   .    J - +2 leather armour {rN+}
rPois   .          Reflect  .    f - +0 helmet {SInv}
rElec   .          Harm     .    M - scarf {+Inv}
rCorr   .          Rampage  .    Q - +2 pair of gloves {hurl}
Will    .....                    (no boots)
Stlth   ++........               (no amulet)
HPRegen 0.25/turn                k - ring of protection from fire
MPRegen 0.13/turn                V - ring of Hif Tuxo {rN+ Slay+3}

@: lethally poisoned (-1 -> -22), gold aura, slowed, very slow
A: hooves 2, molten scales 2, spiny 2, strong 1
a: Renounce Religion, Evoke Invisibility, Potion Petition, Call Merchant, Bribe
Branch


You were on level 13 of the Dungeon.
You worshipped Gozag.
Gozag was most pleased with you.
You visited 1 branch of the dungeon, and saw 13 of its levels.
You also visited: Ossuary and Gauntlet.

You collected 2780 gold pieces.
You spent 147 gold pieces at shops.
You paid 43 gold pieces to Gozag.

Inventory:

Hand Weapons
 a - a +0 rapier of flaming
 h - a +3 dagger
 m - a +5 vampiric scythe (weapon)
 x - a +0 flail
Missiles
 e - 9 javelins (quivered)
 g - 3 silver javelins
 K - 3 boomerangs of dispersal
 X - a throwing net
 Z - 9 poisoned darts
Armour
 b - a +0 leather armour
 c - a +0 helmet
 f - a +0 helmet of see invisible (worn)
 J - a +2 leather armour of positive energy (worn)
 L - a +0 pair of gloves
 M - a scarf of invisibility (worn)
 Q - a +2 pair of gloves of hurling (worn)
 T - a +0 pair of gloves of hurling
Jewellery
 k - a ring of protection from fire (left hand)
 y - a ring of magical power
 E - a ring of magical power
 N - a +6 ring of intelligence
 O - a +6 ring of dexterity
 U - a ring of magical power
 V - the ring of Hif Tuxo (right hand) {rN+ Slay+3}
   (You found it in a Gauntlet)

   [ring of positive energy]

   Slay:      It affects your accuracy & damage with ranged weapons and melee
   (+3).
   rN:        It protects you from negative energy.
Wands
 d - a wand of flame (16)
 o - a wand of charming (4)
Scrolls
 j - 4 scrolls of fog
 n - a scroll of poison
 p - 2 scrolls of enchant armour
 q - 9 scrolls of teleportation
 u - 2 scrolls of vulnerability
 z - 3 scrolls of magic mapping
 H - a scroll of silence
 P - 2 scrolls of amnesia
 R - a scroll of enchant weapon
 W - 3 scrolls of identify
Potions
 i - 3 potions of brilliance
 l - a potion of lignification
 r - 2 potions of ambrosia
 s - a potion of might
 t - a potion of invisibility
 v - a potion of berserk rage
 w - 8 potions of curing
 A - 2 potions of attraction
 B - 3 potions of degeneration
 C - 2 potions of haste
 D - a potion of flight
 F - 2 potions of mutation
 G - a potion of cancellation {unknown}
 I - 3 potions of heal wounds {unknown}
 S - a potion of magic {unknown}
Miscellaneous
 Y - a tin of tremorstones (2/2)


   Skills:
 - Level 9.0 Fighting
 - Level 4.0 Short Blades
 + Level 10.9 Polearms
 - Level 1.7 Throwing
 - Level 9.0 Armour
 - Level 8.0 Dodging
 - Level 2.0 Stealth
 - Level 5.0 Evocations


You had 11 spell levels left.
You didn't know any spells.
Your spell library contained the following spells:

 Spells                   Type           Power      Damage    Failure   Level
 Blink                    Tloc           0%         N/A       56%         2
 Static Discharge         Conj/Air       0%         3-3/arc   56%         2
 Sublimation of Blood     Necr           0%         N/A       56%         2
 Gell's Gravitas          Tloc           0%         N/A       80%         3
 Lesser Beckoning         Tloc           0%         N/A       80%         3
 Teleport Other           Tloc           0%         N/A       80%         3
 Dispel Undead            Necr           0%         3d6       99%         4
 Manifold Assault         Tloc           0%         N/A       99%         4
 Petrify                  Tmut/Erth      0%         N/A       99%         4
 Sticky Flame             Conj/Fire      0%         2d3       99%         4
 Irradiate                Conj/Tmut      0%         3d11      100%        5
 Dispersal                Tloc           0%         N/A       100%        6


Dungeon Overview and Level Annotations

Branches:
Dungeon (13/15)            Temple (0/1) D:5            Lair (0/5) D:9
    Orc (0/2) D:9         Ossuary (visited)         Gauntlet (visited)
 Vaults: D:13-14

Altars:
Ashenzari
Gozag
Ru
Uskayaw
Vehumet

Shops:
D:4 [   D:9 *


Innate Abilities, Weirdness & Mutations

You have hoof-like feet.
You are mostly covered in molten scales. (AC +3)
You are mostly covered in sharp spines.
Your muscles are strong. (Str +4, Int/Dex -1)


Message History

The centaur warrior hits you but does no damage.
The centaur warrior kicks you but does no damage.
The centaur warrior is struck by your spines.
You kill the centaur warrior!
The centaur shoots an arrow.
The arrow hits you but does no damage.
The deep elf archer casts a spell.
The deep elf archer blinks!
The yaktaur shoots a bolt.
The bolt hits you!
You are too injured to fight recklessly!
You are too injured to fight recklessly!
Reach: m) +5 scythe (vamp)
Press: ? - help, Dir - move target, f - kobold brigand
Aim: a kobold brigand, wielding a +0 club and quivering curare-tipped darts (about 35% to evade your +5 vampiric scythe)
You reach to attack!
You puncture the kobold brigand!
The kobold brigand is no longer distracted by gold.
The kobold brigand is moderately wounded.
The centaur shoots an arrow.
The arrow hits you but does no damage.
The kobold brigand throws a curare-tipped dart.
The curare-tipped dart hits you.
You are poisoned.
You have difficulty breathing.
You feel as though you will be slow longer.
The centaur shoots an arrow.
The arrow hits you but does no damage.
The yaktaur shoots a bolt.
The bolt closely misses you.
The kobold brigand throws a curare-tipped dart.
The curare-tipped dart hits you.
You are more poisoned.
You have difficulty breathing.
You feel as though you will be slow longer.
The centaur shoots an arrow.
The arrow hits you.
Reach: m) +5 scythe (vamp)
Press: ? - help, Dir - move target, f - centaur, p - kobold brigand
Aim: a centaur, wielding a +0 shortbow (about 21% to evade your +5 vampiric scythe)
You reach to attack!
You slash the centaur!
The centaur is moderately wounded.
* * * LOW HITPOINT WARNING * * *
You feel extremely sick.
The centaur shoots an arrow.
The arrow hits you but does no damage.
The yaktaur shoots a bolt.
The bolt hits you!!
You die...
Your body crumbles into a pile of gold.

.##.#..#.## .........
####.#..#.#####
.............. ...☼...c..
###.#○e#c### #..KK.EKcc.#
#... ..##.#.○#$##.e#+..
#..#@# #.. #..##.# #..
#..# ... #.######+#
######..########.#......#
........#......#.#......#
............##'#.#......#
............#....'...[..#
............#....########
$ ............#.........


You could see 2 yaktaurs, a deep elf pyromancer (summoned), a kobold brigand and
2 centaurs.

Vanquished Creatures
  A minotaur (Gauntlet)
  A green death (Gauntlet)
  Erolcha (D:9)
  A centaur warrior (D:13)
  A death scarab (Gauntlet)
  4 two-headed ogres
  A deep elf zephyrmancer (D:13)
  2 deep elf pyromancers (D:13)
  An ugly thing (D:12)
  A manticore (D:11)
  A cyclops (D:11)
  A worldbinder (Gauntlet)
  A kobold demonologist (D:12)
  An orange demon (Gauntlet)
  Prince Ribbit (D:7)
  A slime creature (D:13)
  A spectral black mamba (Gauntlet)
  3 shadows
  A vampire (D:12)
  Sigmund (D:3)
  3 wraiths (D:12)
  16 yaks
  Edmund (D:4)
  2 steam dragons
  4 wargs (D:9)
  An acid dragon (D:5)
  2 ice beasts (D:6)
  An orc warrior (D:8)
  A sky beast (D:8)
  3 black bears
  2 boggarts (Gauntlet)
  2 ogres (D:7)
  5 centaurs
  5 kobold brigands
  Blork the orc (D:4)
  4 bullfrogs
  A gnoll sergeant (D:12)
  2 scorpions
  A necrophage (D:7)
  12 wights
  3 howler monkeys
  4 hounds
  2 jellies (D:6)
  5 orc priests
  3 iguanas
  Jessica (D:3)
  2 gnoll boudas
  6 orc wizards
  9 mummies
  19 gnolls
  13 adders
  A shadow imp (D:5)
  A white imp (D:8)
  An ufetubus (D:6)
  3 dart slugs
  13 orcs
  A bat (D:1)
  7 endoplasms
  2 giant cockroaches (D:1)
  9 goblins
  6 hobgoblins
  6 jackals
  22 kobolds
  3 quokkas
  3 ball pythons
  4 frilled lizards
  A gnoll zombie (Ossuary)
  4 hobgoblin zombies
  4 kobold zombies (Ossuary)
  An orc zombie (Ossuary)
  3 rats (D:1)
257 creatures vanquished.

Vanquished Creatures (others)
  A deep elf zephyrmancer (D:13)
  A jelly (D:5)
  An orc wizard (D:10)
  A gnoll (D:5)
  A demonic plant (Gauntlet)
5 creatures vanquished.

Grand Total: 262 creatures vanquished

Notes
Turn   | Place    | Note
-------+----------+-------------------------------------------
     0 | D:1      | Newt the Demonspawn Gladiator began the quest for the Orb.
     0 | D:1      | Reached XP level 1. HP: 16/16 MP: 1/1
    43 | D:1      | Reached skill level 1 in Stealth
   224 | D:1      | Gained mutation: You are partially covered in molten
                  | scales. (AC +2) [demonic ancestry]
   224 | D:1      | Reached XP level 2. HP: 12/22 MP: 2/2
   719 | D:1      | Found a faded altar of an unknown god.
  1021 | D:2      | Gained mutation: You have large cloven feet. [demonic
                  | ancestry]
  1021 | D:2      | Reached XP level 3. HP: 28/28 MP: 3/3
  1855 | D:3      | Noticed Jessica
  1871 | D:3      | Reached XP level 4. HP: 8/37 MP: 4/4
  1879 | D:3      | Killed Jessica
  2129 | D:3      | Noticed Sigmund
  2154 | D:3      | Killed Sigmund
  2155 | D:3      | Reached XP level 5. HP: 20/43 MP: 5/5
  2453 | D:3      | Reached XP level 6. HP: 42/50 MP: 6/6
  2513 | D:3      | Reached skill level 5 in Fighting
  2783 | D:4      | Found an opulent altar of Gozag.
  2802 | D:4      | Reached skill level 1 in Polearms
  2822 | D:4      | Became a worshipper of Gozag Ym Sagoz the Greedy
  2922 | D:4      | Found Osuhuv Luan's Armour Emporium.
  2958 | D:4      | Reached skill level 2 in Polearms
  3130 | D:4      | Reached skill level 3 in Polearms
  3206 | D:4      | Noticed Edmund
  3219 | D:4      | Killed Edmund
  3220 | D:4      | Reached skill level 4 in Polearms
  3220 | D:4      | Gained mutation: You are partially covered in sharp spines.
                  | [demonic ancestry]
  3220 | D:4      | Reached XP level 7. HP: 41/56 MP: 7/7
  3373 | D:4      | Noticed Blork the orc
  3381 | D:4      | Killed Blork the orc
  3643 | D:5      | Entered Level 5 of the Dungeon
  3673 | D:5      | Reached skill level 5 in Polearms
  3784 | D:5      | Found a staircase to the Ecumenical Temple.
  3881 | D:5      | Reached skill level 6 in Polearms
  3881 | D:5      | Reached skill level 1 in Armour
  3881 | D:5      | Gained mutation: You are mostly covered in sharp spines.
                  | [demonic ancestry]
  3881 | D:5      | Reached XP level 8. HP: 52/62 MP: 8/8
  4166 | D:5      | Found a sacrificial altar of Ru.
  4322 | D:6      | HP: 1/55 [wight/+0 halberd (2)]
  4982 | D:6      | Reached skill level 5 in Dodging
  5227 | D:7      | Reached skill level 7 in Polearms
  5227 | D:7      | Reached XP level 9. HP: 68/68 MP: 9/9
  5441 | D:7      | Noticed Prince Ribbit
  5446 | D:7      | Killed Prince Ribbit
  5457 | D:7      | Reached skill level 8 in Polearms
  5457 | D:7      | Reached skill level 1 in Evocations
  5831 | D:7      | Found a sand-covered staircase.
  5838 | Ossuary  | Entered an ossuary
  6620 | D:8      | Noticed a two-headed ogre
  6627 | D:8      | Killed a two-headed ogre
  6628 | D:8      | Reached skill level 5 in Evocations
  7096 | D:8      | Noticed a two-headed ogre
  7107 | D:8      | Killed a two-headed ogre
  7108 | D:8      | Reached XP level 10. HP: 47/76 MP: 10/10
  8142 | D:9      | Found a staircase to the Orcish Mines.
  8294 | D:9      | Noticed Erolcha
  8307 | D:9      | Killed Erolcha
  8582 | D:9      | Noticed a two-headed ogre
  8590 | D:9      | Killed a two-headed ogre
  8591 | D:9      | Reached skill level 9 in Polearms
  8763 | D:9      | Found a hide-covered altar of Uskayaw.
  8815 | D:9      | Found a staircase to the Lair.
  8939 | D:9      | Found Yddeozy's Assorted Antiques.
  8944 | D:9      | Bought a glowing moonstone ring for 105 gold pieces
  8944 | D:9      | Bought a scroll of identify for 42 gold pieces
  9021 | D:10     | Entered Level 10 of the Dungeon
  9178 | D:10     | Reached skill level 10 in Polearms
  9248 | D:10     | Gained mutation: You are mostly covered in molten scales.
                  | (AC +3) [demonic ancestry]
  9248 | D:10     | Reached XP level 11. HP: 17/83 MP: 11/11
  9741 | D:10     | Found a broken altar of Ashenzari.
 10077 | D:11     | Gained mutation: Your muscles are strong. (Str +4, Int/Dex
                  | -1) [potion of mutation]
 10146 | D:11     | Identified the +9 hand axe "Baung" {holy, rElec rF+ Str-3}
 10705 | D:12     | Found a gate leading to a gauntlet.
 10756 | D:12     | Reached skill level 5 in Armour
 10760 | Gauntlet | Entered a Gauntlet
 10760 | Gauntlet | Noticed a necromancer
 10760 | Gauntlet | Found a transporter.
 10760 | Gauntlet | Found a transporter.
 10760 | Gauntlet | Found a transporter.
 10802 | Gauntlet | Found a transporter.
 10803 | Gauntlet | Found a transporter.
 10804 | Gauntlet | Found a large runed translucent door.
 10805 | Gauntlet | Found a large runed translucent door.
 10806 | Gauntlet | Found a large runed translucent door.
 10806 | Gauntlet | Found a large runed translucent door.
 10806 | Gauntlet | Found a transporter.
 10806 | Gauntlet | Found a runed translucent door.
 10807 | Gauntlet | Found a large runed translucent door.
 10808 | Gauntlet | Found a large runed translucent door.
 10808 | Gauntlet | Noticed a death scarab
 10809 | Gauntlet | Found a large runed translucent door.
 10809 | Gauntlet | Found a large runed translucent door.
 10810 | Gauntlet | Found a runed translucent gate.
 10810 | Gauntlet | Found a runed translucent gate.
 10812 | Gauntlet | Found a runed translucent gate.
 10812 | Gauntlet | Found a transporter.
 10814 | Gauntlet | Found a transporter.
 10815 | Gauntlet | Found a runed translucent gate.
 10815 | Gauntlet | Found a transporter.
 10816 | Gauntlet | Found a runed translucent gate.
 10817 | Gauntlet | Found a transporter.
 10819 | Gauntlet | Noticed a green death
 10825 | Gauntlet | Found a transporter.
 10825 | Gauntlet | Found a transporter.
 10835 | Gauntlet | Noticed an entropy weaver
 10855 | Gauntlet | Found a runed translucent gate.
 10856 | Gauntlet | Found a large runed translucent door.
 10856 | Gauntlet | Found a large runed translucent door.
 10857 | Gauntlet | Found a large runed translucent door.
 10858 | Gauntlet | Found a large runed translucent door.
 10859 | Gauntlet | Found a large runed translucent door.
 10859 | Gauntlet | Found a large runed translucent door.
 10859 | Gauntlet | Found a runed translucent door.
 10860 | Gauntlet | Found a large runed translucent door.
 10861 | Gauntlet | Found a large runed translucent door.
 10993 | Gauntlet | Noticed a deep elf pyromancer
 10993 | Gauntlet | Noticed a deep elf zephyrmancer
 10993 | Gauntlet | Noticed a deep elf knight
 11001 | Gauntlet | Noticed a soul eater
 11032 | Gauntlet | Killed a death scarab
 11094 | Gauntlet | Killed a green death
 11440 | Gauntlet | Identified the ring of Hif Tuxo {rN+ Slay+3}
 11471 | Gauntlet | Identified the +2 sling of Abuse {flame, rElec Str+7 Int+4}
 11471 | Gauntlet | Noticed a minotaur
 11482 | Gauntlet | Killed a minotaur
 11488 | Gauntlet | Identified the -1 buckler of Hobion {rElec}
 12032 | D:12     | Noticed a two-headed ogre
 12036 | D:12     | Killed a two-headed ogre
 12110 | D:12     | Found a radiant altar of Vehumet.
 12153 | D:12     | Noticed a green ugly thing
 12161 | D:12     | Killed a green ugly thing
 12164 | D:12     | Gained mutation: You have hoof-like feet. [demonic
                  | ancestry]
 12164 | D:12     | Reached XP level 12. HP: 92/95 MP: 12/12
 12754 | D:13     | Noticed a centaur warrior
 12760 | D:13     | Killed a centaur warrior
 12762 | D:13     | Shot with a bolt by a yaktaur

Illustrated notes

Levels and vault maps discovered:
D:1:      dpeg_arrival_leaves_temple_mockup, layout_basic,
          basic_ecumenical_altar
D:2:      layout_loops_cross
D:3:      layout_loops_cross, uniq_jessica, uniq_sigmund
D:4:      layout_rooms, grunt_gozag_statues, serial_shops,
          nicolae_stop_n_shop_2, uniq_edmund, uniq_blork_the_orc
D:5:      kennysheep_big_flooded_room, layout_cave_pools, marbit_many_paths,
          minmay_temple_entry_sparse_star, hangedman_decor_opposing,
          lemuel_flamethrower_2
D:6:      layout_basic
D:7:      layout_basic, nicolae_ossuary_entry_giza, uniq_prince_ribbit1
D:8:      layout_layer_cave
D:9:      layout_rooms, amcnicky_altar_gilded, lair_entry_dummy,
          minmay_orc_entry_guard_dogs, serial_shops, nicolae_shop_hallway_plus,
          uniq_erolcha
D:10:     layout_cave_pools, nicolae_ashenzari_panopticon
D:11:     layout_small_grid, evilmike_butchery
D:12:     layout_gridville, gauntlet_entry_generic, nicolae_vehumet_radiance
D:13:     layout_irregular_city, hangedman_vaults_entry_quadrant_bands,
          hangedman_aviary

Skill      XL: |  1  2  3  4  5  6  7  8  9 10 11 12 |
---------------+-------------------------------------+-----
Stealth        | 1 2 |  2.0
Fighting       | 3 4 5 6 9 |  9.0
Short Blades   | 4 |  4.0
Polearms       | 4 6 7 8 10 | 10.9
Armour         | 1 4 8 9 |  9.0
Dodging        | 5 6 8 |  8.0
Evocations     | 5 |  5.0
Throwing       | |  1.7

Action                   |  1- 3 |  4- 6 |  7- 9 | 10-12 || total
-------------------------+-------+-------+-------+-------++-------
Melee: Rapier            |    82 |       |       |       ||    82
       Dagger            |    51 |    20 |       |       ||    71
       Kick              |    12 |    25 |    32 |    96 ||   165
       Punch             |     1 |       |       |       ||     1
       Halberd           |       |    93 |   192 |   331 ||   616
Throw: Javelin           |     1 |       |       |       ||     1
       Throwing net      |       |     4 |     3 |     2 ||     9
Evoke: Wand              |       |       |       |     1 ||     1
  Use: Scroll            |     5 |     3 |     9 |     2 ||    19
       Potion            |       |     1 |     3 |     5 ||     9
 Stab: Sleeping          |       |     2 |     5 |     1 ||     8
       Distracted        |       |       |     3 |     6 ||     9
Armor: Leather armour    |    35 |    37 |    32 |    80 ||   184
Dodge: Dodged            |    82 |    67 |    70 |   197 ||   416

Table legend: (Time is in decaauts)
 A = Elapsed time spent in this place.
 B = Non-inter-level travel time spent in this place.
 C = Inter-level travel time spent in this place.
 D = Time resting spent in this place.
 E = Time spent auto-exploring this place.
 F = Levels seen in this place.
 G = Mean time per level.
                   A        B        C        D        E       F      G
               +--------+--------+--------+--------+--------+-----+--------+
         Total |  12838 |  12559 |    279 |   1580 |   9015 |  15 |  855.9 |
       Dungeon |  11567 |  11288 |    279 |   1201 |   8507 |  13 |  889.8 |
       Ossuary |    263 |    263 |      0 |      0 |    180 |   1 |  263.0 |
      Gauntlet |   1007 |   1007 |      0 |    379 |    328 |   1 | 1007.0 |
               +--------+--------+--------+--------+--------+-----+--------+

Top non-repeatable levels by time:
     D:8: 1674 daAuts
    D:10: 1058 daAuts
     D:1: 1014 daAuts
Gauntlet: 1007 daAuts
     D:9: 1004 daAuts
     D:3: 993 daAuts
    D:12: 965 daAuts
     D:6: 950 daAuts
     D:4: 929 daAuts
     D:7: 872 daAuts
     D:2: 740 daAuts
     D:5: 644 daAuts
    D:11: 629 daAuts
 Ossuary: 263 daAuts
    D:13: 90 daAuts
